Map: Ruins of Seras

Players

LiquidMaNa (MaNa)

  • Race: Protoss Protoss
  • League: Grandmaster

MinChul (MC) - Winner!

  • Race: Protoss Protoss

Event: Homestory Cup XII

VOD

Have the link to the VOD?

Description

Time

  • Played on: Dec. 19, 2015, 1:05 p.m.
  • Length: 10:03

All games in this series

Show
View Real Time Build Order
Export as new Build Order

LiquidMaNa Protoss 

Build Orders: Blink Stalkers 

Get SALT Encoding   

  12  0:00  Probe (Chrono Boost)  
  13  0:11  Probe (Chrono Boost)  
  14  0:18  Pylon  
  14  0:22  Probe (Chrono Boost)  
  15  0:36  Probe (Chrono Boost)  
  15  0:38  Gateway  
  16  0:46  Probe (Chrono Boost)  
  17  0:52  Assimilator  
  17  0:57  Probe (Chrono Boost)  
  17  0:59  Assimilator  
  18  1:08  Probe (Chrono Boost)  
  18  1:10  Gateway  
  20  1:18  Probe (Chrono Boost)  
  20  1:19  Pylon  
  20  1:29  Cybernetics Core  
  20  1:34  Probe (Chrono Boost)  
  21  1:44  Probe (Chrono Boost)  
  22  1:55  Probe (Chrono Boost)  
  23  2:05  Adept  
  23  2:06  Adept, Warp Gate  
  29  2:14  Pylon  
  27  2:18  Twilight Council  
  27  2:25  Mothership Core (Chrono Boost)  
  28  2:40  Stalker  
  28  2:42  Stalker  
  32  3:03  Probe (Chrono Boost)  
  33  3:07  Blink (Chrono Boost)  
  33  3:11  Gateway  
  33  3:21  Probe  
  32  3:27  Stalker x2  
  34  3:45  Gateway  
  34  3:58  Pylon  
  34  4:12  Stalker x2  
  34  4:16  Stalker  
  39  4:38  Stalker x2  
  39  4:39  Stalker  
  45  4:46  Stalker  
  47  4:55  Pylon  
  47  5:14  Adept x2  
  47  5:19  Stalker  
  53  5:25  Probe (Chrono Boost)  
  54  5:36  Probe (Chrono Boost)  
  53  5:51  Probe (Chrono Boost)  
  54  5:58  Nexus  
  54  6:03  Probe (Chrono Boost)  
  49  6:32  Probe (Chrono Boost)  
  40  6:42  Probe (Chrono Boost), Robotics Facility  
  40  6:44  Stalker  
  40  6:45  Stalker  
  45  6:53  Probe (Chrono Boost)  
  46  6:56  Sentry x2  
  50  7:03  Probe (Chrono Boost)  
  51  7:11  Probe (Chrono Boost)  
  51  7:14  Probe (Chrono Boost)  
  53  7:21  Probe (Chrono Boost)  
  54  7:24  Probe (Chrono Boost)  
  55  7:30  Probe (Chrono Boost)  
  55  7:31  Observer (Chrono Boost)  
  55  7:35  Probe (Chrono Boost)  
  58  7:37  Pylon  
  58  7:43  Probe (Chrono Boost)  
  59  7:47  Probe (Chrono Boost)  
  59  7:48  Forge  
  59  7:51  Observer  
  61  7:54  Probe (Chrono Boost)  
  61  7:58  Probe (Chrono Boost)  
  63  8:04  Probe (Chrono Boost)  
  64  8:08  Probe (Chrono Boost)  
  65  8:13  Immortal  
  69  8:21  Probe x2 (Chrono Boost)  
  71  8:33  Probe, Robotics Bay  
  72  8:34  Probe  
  73  8:46  Pylon  
  70  9:09  Stalker  
  74  9:10  Stalker x2  
  78  9:30  Pylon  
  76  9:32  Pylon  
  76  9:35  Adept  
  78  9:44  Adept x2  
  76  9:50  Adept x3  
  76  9:53  Robotics Facility  
  76  9:55  Gateway  
  76  9:57  Gateway  
Show
View Real Time Build Order
Export as new Build Order

MinChul Protoss - Winner!

Build Orders:  

Get SALT Encoding   

  12  0:01  Probe (Chrono Boost)  
  13  0:11  Probe (Chrono Boost)  
  14  0:18  Pylon  
  14  0:22  Probe (Chrono Boost)  
  15  0:36  Probe (Chrono Boost)  
  15  0:39  Gateway  
  16  0:47  Probe (Chrono Boost)  
  16  0:48  Assimilator  
  17  0:54  Assimilator  
  17  0:57  Probe (Chrono Boost)  
  18  1:08  Probe (Chrono Boost)  
  19  1:11  Gateway  
  20  1:18  Probe (Chrono Boost)  
  20  1:28  Cybernetics Core  
  20  1:29  Probe (Chrono Boost)  
  21  1:37  Pylon  
  21  1:39  Probe (Chrono Boost)  
  22  1:50  Probe (Chrono Boost)  
  23  2:04  Adept x2, Warp Gate (Chrono Boost)  
  27  2:13  Pylon  
  27  2:31  Stalker x2  
  27  2:35  Mothership Core  
  33  3:00  Nexus  
  33  3:08  Sentry x2  
  37  3:14  Pylon  
  37  3:18  Probe  
  38  3:30  Probe  
  39  3:43  Probe (Chrono Boost)  
  39  3:46  Robotics Facility  
  40  3:53  Stalker  
  40  3:54  Stalker  
  44  3:58  Probe (Chrono Boost)  
  45  4:08  Probe (Chrono Boost)  
  46  4:16  Pylon  
  46  4:18  Sentry x2  
  46  4:19  Probe (Chrono Boost)  
  49  4:33  Immortal (Chrono Boost)  
  51  4:41  Pylon  
  51  4:49  Stalker x2  
  55  4:55  Probe  
  55  4:56  Probe  
  57  5:08  Immortal (Chrono Boost)  
  61  5:15  Adept  
  61  5:16  Adept  
  61  5:17  Probe x2  
  67  5:28  Probe  
  67  5:30  Probe  
  69  5:39  Assimilator x2  
  69  5:41  Pylon  
  69  5:42  Observer (Chrono Boost)  
  70  5:57  Stalker, Zealot  
  72  6:01  Immortal (Chrono Boost)  
  72  6:03  Probe  
  78  6:05  Probe  
  78  6:07  Pylon  
  78  6:10  Pylon  
  80  6:14  Probe  
  80  6:17  Probe  
  72  6:34  Observer (Chrono Boost)  
  72  6:35  Probe x2 (Chrono Boost)  
  73  6:46  Probe x2 (Chrono Boost)  
  75  6:48  Twilight Council  
  75  6:56  Immortal, Probe x2 (Chrono Boost)  
  81  7:07  Probe x2 (Chrono Boost)  
  83  7:14  Stalker  
  83  7:15  Stalker  
  87  7:17  Probe x2 (Chrono Boost)  
  89  7:28  Probe x2  
  91  7:30  Warp Prism  
  93  7:49  Gateway  
  93  7:50  Gateway  
  93  7:52  Gateway  
  93  7:56  Blink (Chrono Boost)  
  93  7:58  Gateway  
  93  8:00  Probe x2  
  95  8:06  Templar Archives  
  95  8:07  Observer  
  96  8:15  Stalker x2  
  100  8:25  Pylon  
  100  8:26  Pylon  
  100  8:33  Probe x2  
  102  8:50  Stalker x5  
  99  8:57  Stalker x2  
  94  9:02  Pylon  
  94  9:07  Mothership Core  
  95  9:21  Stalker  
  95  9:22  Stalker x4  
  97  9:29  Stalker  
  97  9:51  Stalker x2  
  97  9:52  Stalker x3  
Tags
 
Add a new tag
Caveats
  • Supply blocks, unpowered buildings, or Contaminate may cause inaccurate times.
  • Supply counts are checked every 10 seconds.